 Dungeon Crawl Stone Soup version 0.27.1-33-g824d729ab1 (webtiles) character file.

Game seed: 6915181015666734571

13 comborobin the Sneak (level 2, 21/21 HPs)
             Began as an Octopode Brigand on Dec 29, 2021.
             Was a Follower of Yredelemnul.
             Quit the game on level 1 of the Dungeon.
             The game lasted 00:00:19 (563 turns).

comborobin the Sneak (Octopode Brigand)              Turns: 563, Time: 00:00:19

Health: 21/21      AC:  1    Str: 10    XL:     2   Next: 37%
Magic:  2/2        EV: 12    Int: 13    God:    Yredelemnul [*.....]
Gold:   24         SH:  0    Dex: 13    Spells: 1/1 levels left

rFire    . . .     SeeInvis .   a - +2 dagger
rCold    . . .     Faith    .   (no shield)
rNeg     . . .     Spirit   .   (helmet restricted)
rPois    .         Reflect  .   (no amulet)
rElec    .         Harm     .   (no ring)
rCorr    .         Rampage  .   (no ring)
Will     .....                  (no ring)
Stlth    ++++......             (no ring)
HPRegen  0.07/turn              (no ring)
MPRegen  0.08/turn              (no ring)
                                (no ring)
                                (no ring)

@: no status effects
A: almost no armour, amphibious, 8 rings, camouflage 1, gelatinous body 1,
(nimble swimmer 1), tentacles
a: Renounce Religion, Animate Remains


You were on level 1 of the Dungeon.
You worshipped Yredelemnul.
Yredelemnul was aware of your devotion.
You visited 1 branch of the dungeon, and saw 1 of its levels.

You collected 24 gold pieces.

Inventory:

Hand Weapons
 a - a +2 dagger (weapon)
Missiles
 b - 8 poisoned darts (quivered)
 c - 2 curare-tipped darts
Scrolls
 d - a scroll of enchant armour {unknown}
Potions
 e - a potion of resistance {unknown}


   Skills:
 + Level 3.0 Fighting
 - Level 2.0 Short Blades
 - Level 2.0 Throwing
 - Level 1.0 Dodging
 - Level 5.3 Stealth


You had one spell level left.
You didn't know any spells.
Your spell library was empty.

Dungeon Overview and Level Annotations

Branches:
Dungeon (1/15)

Altars:
Yredelemnul


Innate Abilities, Weirdness & Mutations

You cannot wear most types of armour.
You are amphibious.
You can wear up to eight rings at the same time.
Your skin changes colour to match your surroundings (Stealth+).
Your rubbery body absorbs attacks. (AC +1, EV +1)
((You are camouflaged near water. (Stealth+)))
You have tentacles for arms and can constrict up to eight enemies at once.


Message History

You hit the kobold but do no damage. Your grab misses the kobold.
The kobold misses you.
You hit the kobold but do no damage. You grab the kobold.
You constrict the kobold, but do no damage.
The kobold barely misses you.
A kobold is nearby!
You hit the kobold.
You squeeze the kobold, but do no damage.
The kobold is heavily wounded.
You constrict the kobold, but do no damage.
The kobold closely misses you.
A kobold is nearby!
You hit the kobold but do no damage.
You squeeze the kobold, but do no damage.
The kobold is heavily wounded.
You constrict the kobold, but do no damage.
The kobold misses you.
A kobold is nearby!
You hit the kobold but do no damage. You squeeze the kobold.
You kill the kobold!
Your Fighting skill increases to level 3!
Things that are here:
a +0 whip; a +0 scale mail; a kobold corpse No target in view!
No target in view!
No target in view!
No target in view!
There is an open door here.
There is a faded altar of an unknown god here.
You cannot tell which god this altar belongs to.
Convert to them anyway?
Okay, then.
Unknown command.
Press < or > to pray at altars.
You cannot tell which god this altar belongs to.
Convert to them anyway?
Yredelemnul accepts your prayer! Yredelemnul welcomes you!
You can now animate remains.
Unknown command.
Press < or > to pray at altars.
Are you sure you want to abandon this character and quit the game? (Confirm with "yes".)

........)#
#..#.#.#####
#.........##
#..♣♣♣♣♣♣..##
#..♣÷♣♣♣♣♣..##
#.#####..♣♣).##
#.#...#...♣♣).##
#.♣.).#.P♣.♣♣..#
#.'.8.'....@♣..#
#.♣...#..P.♣♣..#
#.#...#.♣.♣♣...##
#.#####..♣♣.....#
#..♣÷♣♣.♣♣..###.#
...♣♣♣♣♣♣...###.#
.#............#.#
. .#.....#).#.#.#
#..####..#...#


There were no monsters in sight!

Vanquished Creatures
  A dart slug (D:1)
  An endoplasm (D:1)
  3 goblins (D:1)
  2 hobgoblins (D:1)
  A kobold (D:1)
  A quokka (D:1)
9 creatures vanquished.

Vanquished Creatures (others)
  8 plants (D:1)
8 creatures vanquished.

Grand Total: 17 creatures vanquished

Notes
Turn   | Place    | Note
-------+----------+-------------------------------------------
     0 | D:1      | comborobin the Octopode Brigand began the quest for the
                  | Orb.
     0 | D:1      | Reached XP level 1. HP: 14/14 MP: 1/1
    65 | D:1      | Reached XP level 2. HP: 11/20 MP: 2/2
   484 | D:1      | Found a faded altar of an unknown god.
   562 | D:1      | Became a worshipper of Yredelemnul the Dark
   562 | D:1      | Reached * piety under Yredelemnul
   563 | D:1      | Quit the game

Illustrated notes

Levels and vault maps discovered:
D:1:      ncdulo_watergridlock, layout_loops_cross,
          dilly_ecumenical_altar_fadedgnrine

Skill      XL: |  1  2 |
---------------+-------+-----
Fighting       | 3 |  3.0
Short Blades   | |  2.0
Throwing       | |  2.0
Dodging        | |  1.0
Stealth        | |  5.3

Action                   || total
-------------------------++-------
Melee: Dagger            ||    26
       Tentacles         ||    12
       Constrict         ||     7
 Stab: Sleeping          ||     1
Dodge: Dodged            ||    16
